 Dungeon Crawl Stone Soup version 0.26.1-11-gd32895ea62 (webtiles) character file.

Game seed: 4727922170036389518

30692 Jerry the Grappler (level 13, -2/120 HPs)
             Began as a Troll Hunter on June 10, 2021.
             Slain by a two-headed ogre
             ... wielding a +0 giant club
              (4 damage)
             ... on level 14 of the Dungeon.
             The game lasted 00:58:07 (13289 turns).

Jerry the Grappler (Troll Hunter)                  Turns: 13289, Time: 00:58:07

Health: -2/120     AC: 10    Str: 23    XL:     13   Next: 21%
Magic:  12/12      EV: 13    Int:  9    God:
Gold:   566        SH:  0    Dex: 12    Spells: 12/12 levels left

rFire    . . .     SeeInvis +     - Unarmed
rCold    . . .     Faith    .   (no shield)
rNeg     . . .     Spirit   .   K - +0 troll leather armour
rPois    +         Reflect  .   n - +2 hat
rElec    .         Harm     .   i - scarf {repulsion}
rCorr    .         Rampage  .   (gloves unavailable)
Will     .....                  (boots unavailable)
Stlth    +++.......             I - amulet of regeneration
HPRegen  1.50/turn              o - ring of see invisible
MPRegen  0.13/turn              C - ring of poison resistance

@: slowed, repel missiles, very slow
A: large, unfitting armour, claws 3, regeneration 1, shaggy fur 1, tough skin 3
a: no special abilities


You were on level 14 of the Dungeon.
You visited 3 branches of the dungeon, and saw 16 of its levels.

You collected 906 gold pieces.
You spent 340 gold pieces at shops.

Inventory:

Missiles
 c - 22 large rocks
 d - 6 throwing nets
 m - 41 poisoned darts (quivered)
Armour
 i - a scarf of repulsion (worn)
 n - a +2 hat (worn)
 w - the +1 robe of Sonk {+Blink rF+}
   (You took it off a gnoll on level 10 of the Dungeon)

   It protects you from fire.
   It lets you blink.
 K - a +0 troll leather armour (worn)
Jewellery
 o - a ring of see invisible (left claw)
 y - a cursed amulet of faith {unknown}
 C - a ring of poison resistance (right claw)
 E - an uncursed ring of resist corrosion
 I - an amulet of regeneration (around neck)
Wands
 b - a wand of polymorph (9)
 s - a wand of random effects (22)
 t - a wand of digging (7)
 F - a wand of flame (14)
 J - a wand of iceblast (5)
Scrolls
 e - 10 scrolls of remove curse
 f - 8 scrolls of teleportation
 h - 2 scrolls of immolation
 r - a scroll of amnesia
 u - 3 scrolls of identify
 v - 6 scrolls of magic mapping
 A - a scroll of enchant weapon
 B - 4 scrolls of fear
 G - a scroll of vulnerability {unknown}
Potions
 a - 4 potions of brilliance
 g - a potion of lignification
 j - 7 potions of mutation
 k - a potion of invisibility
 l - 4 potions of curing
 p - 3 potions of might
 q - 4 potions of heal wounds
 x - 2 potions of haste
 z - 2 potions of flight
 D - a potion of resistance {unknown}
 H - 2 potions of magic {unknown}


   Skills:
 - Level 6.0 Fighting
 + Level 9.7 Throwing
 + Level 8.3 Dodging
 + Level 6.3 Stealth
 * Level 13.4 Unarmed Combat


You had 12 spell levels left.
You didn't know any spells.
Your spell library contained the following spells:

 Spells                   Type           Power        Failure   Level
 Animate Skeleton         Necr           0%           43%         1
 Apportation              Tloc           0%           43%         1
 Beastly Appendage        Tmut           0%           43%         1
 Corona                   Hex            0%           43%         1
 Summon Small Mammal      Summ           0%           43%         1
 Wereblood                Tmut           0%           56%         2
 Spider Form              Tmut/Pois      0%           80%         3
 Ice Form                 Ice/Tmut       0%           99%         4
 Blade Hands              Tmut           0%           100%        5


Dungeon Overview and Level Annotations

Branches:
Dungeon (14/15)            Temple (1/1) D:7            Lair (1/6) D:9
    Orc (0/2) D:11
 Vaults: D:13-14

Altars:
Ashenzari
Cheibriados
Dithmenos
Elyvilon
Fedhas
Gozag
Hepliaklqana
Kikubaaqudgha
Makhleb
Nemelex Xobeh
Okawaru
Qazlal
Ru
Sif Muna
Trog
Uskayaw
Vehumet
Wu Jian
Xom
Yredelemnul
Zin
The Shining One

Shops:
D:6 :==[}   D:11 !

Annotations:
D:3 1 runed translucent door, Gerhazo's ghost, amateur DrCj
D:4 3 runed translucent doors, Thjof's ghost, novice HaHu
D:7 Harold
Lair:1 Erica


Innate Abilities, Weirdness & Mutations

You are too large for most types of armour.
You have claws for hands.
Your natural rate of healing is unusually fast.
You are covered in fur. (AC +1)
You have extremely tough skin. (AC +3)


Message History

The arrow misses you.
You hear a shout!
The yaktaur shoots a bolt.
The bolt hits you!!
* * * LOW HITPOINT WARNING * * *
The two-headed ogre hits you with a +0 giant club!
* * * LOW HITPOINT WARNING * * *
The two-headed ogre hits you but does no damage.
The centaur shoots an arrow.
The arrow hits you but does no damage.
The yaktaur shoots a bolt.
The bolt misses you.
You hear a shout!
Things that are here:
an arrow; 2 bolts The centaur shoots an arrow.
The arrow hits you!
* * * LOW HITPOINT WARNING * * *
You see here an arrow.
You feel much better.
The two-headed ogre hits you with a +0 giant club!!
* * * LOW HITPOINT WARNING * * *
The two-headed ogre hits you with a +0 dire flail.
You die...

#############
#...........#
##...........#
#............# ####
#..#######...# ...
#..# #...#####
#)##..# #...'...(
#.#@.# # #...#####
#..##(#O.#.##..#.###
#..(...c.c.# #.#
###.#..#.### #.#
.......... ..
........c......
#####.#..#.#####
.........
##.#..#.##.


You could see a two-headed ogre, a yaktaur and a centaur.

Vanquished Creatures
  Nessos (D:13)
  An ogre mage (D:14)
  2 boulder beetles
  A centaur warrior (D:13)
  7 two-headed ogres
  Nergalle (D:10)
  3 unseen horrors
  Pikel (D:7)
  A deep elf mage (D:13)
  A wolf spider zombie (D:12)
  An orc knight (D:13)
  4 cyclopes
  3 ugly things (D:13)
  3 manticores
  A centaur zombie (D:13)
  A kobold demonologist (D:11)
  3 trolls
  2 hornets
  Grinder (D:5)
  5 slime creatures (D:13)
  A shadow (D:11)
  4 wraiths
  10 yaks
  A steam dragon (D:12)
  4 vampire mosquitoes
  2 two-headed ogre zombies (D:11)
  A soldier ant (D:13)
  A water moccasin (D:8)
  2 phantoms (D:11)
  8 ice beasts
  2 sky beasts
  7 orc warriors
  2 necrophages
  2 eyes of draining
  14 centaurs
  10 ogres
  A lemure (D:7)
  Blork the orc (D:5)
  A big kobold (D:7)
  8 bullfrogs
  2 gnoll sergeants
  5 scorpions
  A water moccasin skeleton (D:8)
  14 killer bees
  A troll zombie (D:11)
  3 howler monkeys
  16 wights
  7 jellies
  3 quasits
  7 hounds
  2 orc priests (D:11)
  A bullfrog skeleton (D:13)
  4 centaur skeletons
  Ijyb (D:3)
  7 iguanas
  9 orc wizards
  8 worker ants
  5 ogre zombies (D:11)
  3 hound skeletons
  12 gnolls
  17 adders
  A howler monkey skeleton (D:6)
  2 shadow imps
  4 white imps
  2 ufetubi
  4 oozes
  3 adder skeletons
  2 adder zombies
  A worm (D:2)
  A dart slug (D:2)
  4 leopard geckos
  39 orcs
  2 ball pythons
  7 bats
  6 giant cockroaches
  4 goblins
  6 hobgoblins
  20 jackals
  13 kobolds
  4 quokkas
  5 frilled lizards
  6 goblin skeletons (D:11)
  5 goblin zombies (D:11)
  A hobgoblin zombie (D:11)
  A jackal skeleton (D:4)
  A leopard gecko skeleton (D:4)
  An orc skeleton (D:11)
  12 orc zombies (D:11)
  A quokka skeleton (D:5)
  16 rats
427 creatures vanquished.

Vanquished Creatures (others)
  A sky beast (D:13)
1 creature vanquished.

Grand Total: 428 creatures vanquished

Notes
Turn   | Place    | Note
-------+----------+-------------------------------------------
     0 | D:1      | Jerry the Troll Hunter began the quest for the Orb.
     0 | D:1      | Reached XP level 1. HP: 19/19 MP: 0/0
   141 | D:1      | Reached XP level 2. HP: 26/28 MP: 1/1
   216 | D:1      | Reached skill level 1 in Unarmed Combat
   409 | D:2      | Reached XP level 3. HP: 34/35 MP: 2/2
   492 | D:2      | Reached skill level 1 in Stealth
   492 | D:2      | Reached skill level 2 in Unarmed Combat
   492 | D:2      | Reached XP level 4. HP: 28/42 MP: 3/3
   773 | D:2      | Found a faded altar of an unknown god.
   881 | D:2      | Found a hide-covered altar of Uskayaw.
   884 | D:2      | Found a shimmering blue altar of Sif Muna.
   884 | D:2      | Found a sacrificial altar of Ru.
   889 | D:2      | Found a bloodstained altar of Trog.
   889 | D:2      | Found a shimmering altar of Xom.
   889 | D:2      | Found a snail-covered altar of Cheibriados.
  1089 | D:2      | Found a snail-covered altar of Cheibriados.
  1309 | D:3      | Noticed a centaur
  1358 | D:3      | Killed a centaur
  1359 | D:3      | Reached skill level 3 in Unarmed Combat
  1359 | D:3      | Reached XP level 5. HP: 37/50 MP: 4/4
  1408 | D:3      | Found a sparkling altar of Nemelex Xobeh.
  1623 | D:3      | Found a runed translucent door.
  1628 | D:3      | Noticed Gerhazo's ghost (amateur DrCj)
  1634 | D:3      | Noticed Ijyb
  1645 | D:3      | Killed Ijyb
  2055 | D:4      | Reached XP level 6. HP: 59/59 MP: 5/5
  2203 | D:4      | Found a white marble altar of Elyvilon.
  2214 | D:4      | Found a broken altar of Ashenzari.
  2219 | D:4      | Found a glowing golden altar of the Shining One.
  2398 | D:4      | Noticed Thjof's ghost (novice HaHu)
  2399 | D:4      | Found a runed translucent gate.
  2400 | D:4      | Found a runed translucent gate.
  2643 | D:4      | Found a runed translucent gate.
  2789 | D:4      | Reached skill level 4 in Unarmed Combat
  3279 | D:4      | Reached XP level 7. HP: 62/66 MP: 6/6
  3442 | D:5      | Entered Level 5 of the Dungeon
  3660 | D:5      | Noticed Grinder
  3673 | D:5      | Killed Grinder
  3674 | D:5      | Reached skill level 5 in Throwing
  3674 | D:5      | Reached skill level 5 in Unarmed Combat
  3798 | D:5      | Reached XP level 8. HP: 64/75 MP: 7/7
  4188 | D:5      | Noticed Blork the orc
  4198 | D:5      | Killed Blork the orc
  4447 | D:6      | Reached skill level 6 in Unarmed Combat
  4532 | D:6      | Found Zije Puo's Gadget Emporium.
  4606 | D:6      | Found Qunkohopt's Jewellery Boutique.
  4609 | D:6      | Bought an uncursed ring of poison resistance for 220 gold
                  | pieces
  4704 | D:6      | Found Yquleuz's Book Shop.
  4906 | D:6      | Found Piecoc's Antique Armour Shop.
  5369 | D:6      | Reached XP level 9. HP: 54/82 MP: 8/8
  5442 | D:6      | Found Cotzof's Jewellery Boutique.
  5631 | D:7      | Noticed Harold
  5969 | D:7      | Reached skill level 7 in Unarmed Combat
  5984 | D:7      | HP: 3/85 [killer bee (6)]
  5989 | D:7      | HP: 3/85 [poisoned by a killer bee]
  5994 | D:7      | HP: 3/85 [poisoned by a killer bee]
  5999 | D:7      | HP: 4/85 [poisoned by a killer bee]
  6187 | D:7      | Noticed Pikel
  6213 | D:7      | Killed Pikel
  6335 | D:7      | Found a staircase to the Ecumenical Temple.
  6343 | Temple   | Entered the Ecumenical Temple
  6817 | D:7      | Reached skill level 8 in Unarmed Combat
  7164 | D:8      | Reached skill level 5 in Fighting
  7246 | D:8      | Reached skill level 5 in Dodging
  7246 | D:8      | Reached XP level 10. HP: 45/96 MP: 9/9
  7366 | D:8      | Noticed a two-headed ogre
  7367 | D:8      | Noticed a two-headed ogre
  7534 | D:8      | Killed a two-headed ogre
  7719 | D:8      | Killed a two-headed ogre
  7720 | D:8      | Reached skill level 9 in Unarmed Combat
  8031 | D:9      | Noticed a two-headed ogre
  8056 | D:8      | Killed a two-headed ogre
  8348 | D:9      | Found a staircase to the Lair.
  8454 | D:9      | Reached skill level 10 in Unarmed Combat
  8454 | D:9      | Reached XP level 11. HP: 64/105 MP: 10/10
  8658 | D:9      | Found a shadowy altar of Dithmenos.
  8842 | Lair:1   | Entered Level 1 of the Lair of Beasts
  8867 | Lair:1   | Noticed Erica
  8915 | D:10     | Entered Level 10 of the Dungeon
  8986 | D:10     | Identified the +1 robe of Sonk {+Blink rF+}
  9027 | D:10     | Noticed Nergalle
  9030 | D:10     | Noticed a spectral orc warlord
  9601 | D:10     | Noticed a spectral orc warlord
  9602 | D:10     | Killed Nergalle
  9924 | D:11     | Found a staircase to the Orcish Mines.
  9976 | D:11     | Noticed a two-headed ogre
 10010 | D:11     | Killed a two-headed ogre
 10536 | D:11     | Found Siorph's Distillery.
 10544 | D:11     | Bought a potion of degeneration for 15 gold pieces
 10544 | D:11     | Bought a potion of flight for 45 gold pieces
 10544 | D:11     | Bought a potion of might for 60 gold pieces
 10607 | D:11     | Reached skill level 11 in Unarmed Combat
 10747 | D:11     | Reached skill level 5 in Stealth
 10933 | D:11     | Noticed a boulder beetle
 10956 | D:11     | Killed a boulder beetle
 11165 | D:12     | Noticed a boulder beetle
 11175 | D:12     | Killed a boulder beetle
 11340 | D:12     | Reached XP level 12. HP: 94/114 MP: 11/11
 11427 | D:12     | Noticed a two-headed ogre
 11441 | D:12     | Killed a two-headed ogre
 11617 | D:12     | Reached skill level 12 in Unarmed Combat
 11683 | D:12     | Noticed a two-headed ogre
 11690 | D:12     | Killed a two-headed ogre
 12069 | D:13     | Noticed Nessos
 12075 | D:13     | Killed Nessos
 12563 | D:13     | Reached skill level 13 in Unarmed Combat
 12622 | D:13     | Noticed a two-headed ogre
 12632 | D:13     | Killed a two-headed ogre
 12649 | D:13     | Reached XP level 13. HP: 27/120 MP: 12/12
 12976 | D:13     | Identified the cursed +1 long sword of Untimely Demise
                  | {antimagic, *Contam rN+ Str+3 Int+5}
 13288 | D:14     | HP: 2/120 [centaur/arrow (12)]
 13289 | D:14     | Slain by a two-headed ogre

Illustrated notes

Levels and vault maps discovered:
D:1:      dpeg_arrival_connections, layout_basic
D:2:      layout_loops_cross, general_overflow_altar,
          chequers_ecumenical_altar_twisty, doesnt_xom_only_xom
D:3:      layout_loops_ring, lemuel_coloured_pillars_altar,
          ebering_ghost_inner_flame, uniq_ijyb
D:4:      layout_layer_cave, grunt_temple_overflow_diamond,
          gammafunk_ghost_split
D:5:      layout_basic, uniq_grinder, uniq_blork_the_orc
D:6:      layout_basic, serial_glass, glass_columns_a, glass_columns_a,
          glass_columns_a, glass_columns_a, glass_columns_b, serial_shops, shop,
          shop, kennysheep_mini_moat, nicolae_shop_waterfront,
          nicolae_shop_trees
D:7:      layout_basic, lemuel_blue_sif_altar, minmay_temple_entry_wispy,
          uniq_harold, uniq_pikel
D:8:      layout_rooms
D:9:      layout_rooms, lair_entry_dummy,
          nicolae_dithmenos_through_a_glass_darkly
D:10:     layout_cave_pods, uniq_nergalle
D:11:     layout_long_grid, zombieorc2_lemuel, serial_shops, shop
D:12:     layout_roguey
D:13:     minmay_quarter_circles, layout_basic, feat_on_display, uniq_nessos
D:14:     layout_basic, hangedman_vaults_entry_quadrant_bands,
          chequers_hall_statues_wall_a
Temple:   lightli_temple_of_artemis
Lair:1:   layout_small_grid, ebering_ghost_xom, uniq_erica

Skill      XL: |  1  2  3  4  5  6  7  8  9 10 11 12 |
---------------+-------------------------------------+-----
Unarmed Combat | 1 2 3 4 5 6 8 10 11 13 | 13.4
Fighting       | 2 3 4 5 6 |  6.0
Dodging        | 2 3 4 5 7 8 |  8.3
Stealth        | 1 2 3 4 5 6 |  6.3
Throwing       | 4 5 6 7 8 9 |  9.7

Action                   |  1- 3 |  4- 6 |  7- 9 | 10-12 | 13-15 || total
-------------------------+-------+-------+-------+-------+-------++-------
Melee: Short sword       |    41 |       |       |       |       ||    41
       Unarmed           |    24 |   221 |   310 |   750 |   100 ||  1405
       Punch             |     1 |       |     9 |    42 |     4 ||    56
Throw: Dart              |       |       |    13 |    29 |     1 ||    43
       Large rock        |       |       |     6 |    16 |       ||    22
       Throwing net      |       |       |       |     2 |       ||     2
Evoke: Wand              |       |       |       |     2 |       ||     2
  Use: Scroll            |     4 |     1 |       |    17 |       ||    22
       Potion            |       |       |       |     1 |     1 ||     2
 Stab: Sleeping          |     1 |     3 |    10 |    10 |     3 ||    27
       Distracted        |       |       |     1 |     2 |     1 ||     4
       Held in net/web   |       |       |       |     1 |       ||     1
Armor: Robe              |    23 |    91 |    78 |   198 |     1 ||   391
       Troll leather arm |       |       |       |       |    24 ||    24
Dodge: Dodged            |    32 |   111 |   162 |   395 |    46 ||   746
       Repelled          |       |       |     1 |     2 |       ||     3
